 Dungeon Crawl Stone Soup version 0.29.0-4-gdea44cf6ec (webtiles) character file.

Game seed: 13155730092181454483

50 qw the Sneak (level 3, -2/23 HPs)
             Began as a Gargoyle Delver on Sept 10, 2022.
             Killed from afar by an orc wizard (7 damage)
             ... with a puff of flame
             ... on level 5 of the Dungeon.
             The game lasted 00:00:05 (212 turns).

qw the Sneak (Gargoyle Delver)                       Turns: 212, Time: 00:00:06

Health: -2/23      AC:  6    Str: 17    XL:     3   Next: 79%
Magic:  3/3        EV: 11    Int: 10    God:
Gold:   47         SH:  0    Dex: 11    Spells: 2/2 levels left

rFire   . . .      SeeInvis .   a - +0 hand axe
rCold   . . .      Faith    .   (no shield)
rNeg    + . .      Spirit   .   b - +0 leather armour
rPois   inf        Reflect  .   (no helmet)
rElec   +          Harm     .   (no cloak)
rCorr   .          Rampage  .   (no gloves)
Will    .....                   (no boots)
Stlth   +++.......              (no amulet)
HPRegen 0.07/turn               (no ring)
MPRegen 0.08/turn               (no ring)

@: no status effects
A: sickness immunity, AC +3, negative energy resistance 1, electricity
resistance, torment resistance 1, petrification resistance
a: no special abilities


You were on level 5 of the Dungeon.
You visited 1 branch of the dungeon, and saw 1 of its levels.

You collected 47 gold pieces.


Innate Abilities, Weirdness & Mutations

You are immune to sickness and miasma.
Your stone body is resilient. (AC +3)
You are immune to poison.
You resist negative energy. (rN+)
You are resistant to electric shocks. (rElec)
You are resistant to unholy torment.
You are immune to petrification.


   Skills:
 - Level 3.2 Fighting
 + Level 3.6 Axes
 - Level 1.5 Dodging
 - Level 5.4 Stealth


You had 2 spell levels left.
You didn't know any spells.
Your spell library was empty.

Inventory:

Hand Weapons
 a - a +0 hand axe (weapon)
 h - a +0 whip
Armour
 b - a +0 leather armour (worn)
Wands
 g - a wand of digging (3)
Scrolls
 c - a scroll of fog
 d - a scroll of magic mapping
 e - a scroll of fear
Potions
 f - a potion of haste

Dungeon Overview and Level Annotations

Branches:
Dungeon (5/15)
 Temple: D:4-7

Altars:


Message History

The adder bites you but does no damage.
You hit the adder but do no damage. You miss something.
The adder barely misses you. Something hits you but does no damage.
The adder bites you but does no damage.
You hear some strange, mumbled words.
You are confused.
You bump into the rock wall.
The adder bites you but does no damage. Something hits you.
You bump into the rock wall.
The adder misses you. Something hits you.
You hear some strange, mumbled words.
A puff of flame appears from out of thin air!
The puff of flame hits something!
Reactivating autopickup.
You feel a bit more experienced.
You're too confused to move!
The adder closely misses you. The adder bites you but does no damage.
You closely miss the adder. You completely miss something.
The adder bites you but does no damage. Something hits you but does no damage.
Deactivating autopickup; reactivate with Ctrl-A.
You hit the adder.
The adder is heavily wounded.
You closely miss something. The adder bites you but does no damage.
Something hits you.
You hit the adder.
You kill the adder!
You barely miss something.
You feel less confused. Something hits you.
You closely miss something. Something hits you.
You hit something. Something hits you but does no damage.
You miss something. Something hits you but does no damage.
You closely miss something.
You hear some strange, mumbled words.
A puff of flame appears from out of thin air!
The puff of flame hits you!
You die...

#.# ######.###..
#.# #..........#
#.#####.####.#####
#.#.....# #.#
####...##### #.#
#....### #.#
#.##)# #.# ####.#
#.# #@# ... #{#
#.# #)#
#....>....#
#........{o..
#............
#.........#..
#.........# .


There were no monsters in sight!

Vanquished Creatures
  An orc wizard (D:5)
  An adder (D:5)
  2 orcs (D:5)
4 creatures vanquished.

Vanquished Creatures (others)
  An orc wizard (D:5)
1 creature vanquished.

Grand Total: 5 creatures vanquished

Notes
Turn   | Place    | Note
-------+----------+-------------------------------------------
     0 | D:5      | qw the Gargoyle Delver began the quest for the Orb.
     0 | D:5      | Reached XP level 1. HP: 14/14 MP: 1/1
     0 | D:5      | 0 ||| qw: Version: 0.1-a-116-g5d60599
     0 | D:5      | 0 ||| qw: Game counter: 8216
     0 | D:5      | 0 ||| qw: Always use a shield: true
     0 | D:5      | 0 ||| qw: God list: Okawaru
     0 | D:5      | 0 ||| qw: Allow faded altars: false
     0 | D:5      | 0 ||| qw: Do Orc after D:15 true
     0 | D:5      | 0 ||| qw: Do second Lair branch before Depths: true
     0 | D:5      | 0 ||| qw: Lair rune preference: random
     0 | D:5      | 0 ||| qw: Plans: Normal
     0 | D:5      | 0 ||| PLANNING D:1-11
    41 | D:5      | Noticed an orc wizard
    42 | D:5      | 42 ||| Stepping ~*~*~tactically~*~*~ (stealth).
   180 | D:5      | Noticed an orc wizard
   181 | D:5      | 181 ||| Stepping ~*~*~tactically~*~*~ (stealth).
   183 | D:5      | 183 ||| Stepping ~*~*~tactically~*~*~ (hiding).
   184 | D:5      | Noticed an orc wizard
   187 | D:5      | 187 ||| Stepping ~*~*~tactically~*~*~ (hiding).
   192 | D:5      | Killed an orc wizard
   193 | D:5      | Reached skill level 3 in Axes
   193 | D:5      | Reached XP level 2. HP: 14/19 MP: 2/2
   193 | D:5      | Reached XP level 3. HP: 17/23 MP: 3/3
   209 | D:5      | HP: 5/23 [something (2)]
   212 | D:5      | Killed from afar by an orc wizard

Levels and vault maps discovered:
D:5:      layout_rooms, minmay_temple_entry_large_hall, corexii_corridor_pit,
          uniq_sigmund

Skill      XL: |  1 |
---------------+----+-----
Axes           | 3 |  3.6
Fighting       | |  3.2
Dodging        | |  1.5
Stealth        | |  5.4

Action                   || total
-------------------------++-------
Melee: Hand axe          ||    27
Armor: Leather armour    ||    14
Dodge: Dodged            ||    11

Table legend:
 A = Non-vault XP
 B = Vault XP
 C = Vault XP percentage of total XP
 D = Non-vault monster count
 E = Vault monster count
 F = Vault count percentage of total count
                 A         B        C        D         E       F
            +---------+---------+-------+---------+---------+-------
      Total |      72 |       0 |   0.0 |       5 |       0 |   0.0
            +---------+---------+-------+---------+---------+-------
        D:5 |      72 |       0 |   0.0 |       5 |       0 |   0.0
            +---------+---------+-------+---------+---------+-------
